[Event "Olomouc Chess Summer-IM 2022"]
[Site "Olomouc"]
[Date "2022.08.15"]
[Round "4.7"]
[White "Nagy, Ladislav"]
[Black "Nytra, Ondrej"]
[Result "1/2-1/2"]
[ECO "C50"]
[WhiteElo "2209"]
[BlackElo "2214"]
[Annotator "NA RC"]
[PlyCount "67"]
[EventDate "2022.08.10"]
[EventCountry "CZE"]
[SourceTitle "playchess.com"]
[Source "ChessBase"]
[SourceQuality "1"]
[TimeControl "40/5400+30:1800+30"]

1. e4 e5 2. Bc4 Nf6 3. d3 Nc6 4. Nf3 Bc5 5. O-O O-O 6. Bg5 h6 7. Bh4 Be7 8. Bg3 d6 9. a4 Bg4 10. h3 Be6 11. Nbd2 Nd7 12. c3 Kh8 13. b4 Qe8 14. b5 Na5 15. Bxe6 fxe6 16. d4 exd4 17. cxd4 c5 18. d5 e5 19. Nb3 Nxb3 20. Qxb3 Qg6 21. Qd3 Rf7 22. Nd2 Raf8 23. Qe2 Nf6 24. Ra3 Bd8 25. a5 Nh5 26. Bh2 Bh4 27. Rf3 Rxf3 28. Nxf3 Bd8 29. Ra1 b6 30. a6 Bg5 31. Ne1 Bh4 32. Nf3 Bg5 33. Ne1 Bh4 34. Nf3 1/2-1/2

[Event "Olomouc Chess Summer-IM 2022"]
[Site "Olomouc"]
[Date "2022.08.15"]
[Round "4.8"]
[White "Lalic, Bogdan"]
[Black "Gimenez Menchon, Cesar"]
[Result "1/2-1/2"]
[ECO "E94"]
[WhiteElo "2412"]
[BlackElo "2207"]
[Annotator "TA"]
[PlyCount "55"]
[EventDate "2022.08.10"]
[EventCountry "CZE"]
[SourceTitle "playchess.com"]
[Source "ChessBase"]
[SourceQuality "1"]
[TimeControl "40/5400+30:1800+30"]

1. c4 Nf6 2. Nc3 g6 3. e4 d6 4. d4 Nbd7 5. Nf3 e5 6. Be2 Bg7 7. O-O O-O 8. Qc2 c6 9. Be3 Qe7 10. Rfe1 exd4 11. Bxd4 Re8 12. Rad1 b6 {[%emt 0:04:38] E94: King's Indian: Classical: 6 Be2 e5 7 0-0: Various Black 7th moves.} 13. Bf1 {[%emt 0:09:10] [#]} Bb7 $146 ({Predecessor:} 13... Ne5 14. Nxe5 dxe5 15. Be3 Ng4 16. Bc1 Be6 17. h3 Nf6 18. Be3 Rad8 19. a4 Nd7 20. a5 {0-1 (44) Fressinet,L (2664)-Shchekachev,A (2532) Livry Gargan 2009}) 14. e5 dxe5 15. Nxe5 Nxe5 16. Rxe5 Qc7 17. Rxe8+ Rxe8 18. h3 Rd8 19. Be5 Qe7 {[%emt 0:00:54] [#] Threatens to win with ...Rxd1.} 20. Rxd8+ Qxd8 21. c5 Qe7 22. Bd6 Qe1 (22... Qe6 $11) 23. Qe2 (23. Qa4 $16 Ne8 24. Bg3) 23... Qxe2 $1 $11 {[%emt 0:00:34] The position is equal.} 24. Bxe2 Nd7 25. cxb6 axb6 26. a4 Bd4 27. Bc7 Kf8 28. a5 {[%emt 0:06:28] Weighted Error Value: White=0.19 (very precise) /Black=0.15 (very precise)} 1/2-1/2

[Event "Olomouc Chess Summer-IM 2022"]
[Site "Olomouc"]
[Date "2022.08.15"]
[Round "4.9"]
[White "Poschadel, Andreas Gregor"]
[Black "Jasny, Stanislav"]
[Result "1/2-1/2"]
[ECO "B80"]
[WhiteElo "2101"]
[BlackElo "2261"]
[Annotator "TA"]
[PlyCount "28"]
[EventDate "2022.08.10"]
[EventCountry "CZE"]
[SourceTitle "playchess.com"]
[Source "ChessBase"]
[SourceQuality "1"]
[TimeControl "40/5400+30:1800+30"]

1. e4 c5 2. Nf3 e6 3. d4 cxd4 4. Nxd4 d6 5. Nc3 a6 6. Be3 Nf6 7. Qd2 b5 8. f3 Nbd7 9. a4 {B80: Sicilian Scheveningen: 6 g3 and 6 Be3, including English Attack.} (9. a3 $11) 9... b4 $15 10. Na2 d5 11. Nxb4 dxe4 12. Be2 Bb7 13. O-O Qc7 {[#]} 14. c4 $146 ({Predecessor:} 14. f4 Bc5 15. c4 Rd8 16. Nbc2 e5 17. fxe5 Nxe5 18. h3 O-O 19. Qe1 Rfe8 20. Nf5 {1-0 (47) Karthikeyan,M (2299)-Sundararajan,K (2450) Kolkata 2012}) 14... Nc5 {White got outplayed after the opening.  Weighted Error Value: White=0.19 (very precise) /Black=0.00 (flawless)} 1/2-1/2

[Event "Olomouc Chess Summer-IM 2022"]
[Site "Olomouc"]
[Date "2022.08.15"]
[Round "4.11"]
[White "Obsivac, Josef"]
[Black "Camarena Jimenez, Rufino"]
[Result "1-0"]
[ECO "E71"]
[WhiteElo "2272"]
[BlackElo "2298"]
[Annotator "NA RC"]
[PlyCount "79"]
[EventDate "2022.08.10"]
[EventCountry "CZE"]
[SourceTitle "playchess.com"]
[Source "ChessBase"]
[SourceQuality "1"]
[TimeControl "40/5400+30:1800+30"]

1. d4 Nf6 2. c4 g6 3. Nc3 Bg7 4. e4 d6 5. h3 O-O 6. Be3 e5 7. d5 a5 8. g4 Na6 9. Nf3 Nd7 10. Rg1 Ndc5 11. a3 a4 12. Nd2 Bd7 13. Qf3 c6 14. Be2 cxd5 15. cxd5 b5 16. Kf1 b4 17. Nd1 bxa3 18. bxa3 Kh8 19. Qg3 Rg8 20. g5 Nb3 21. Nxb3 axb3 22. Rb1 Qb8 23. Kg2 Rc8 24. Bg4 Bxg4 25. hxg4 Qb5 26. Qf3 Rab8 27. Rh1 Kg8 28. Nb2 Rb7 29. Rh4 Rc2 30. Qh3 h5 31. gxh5 Qd7 32. Qf3 Nc5 33. h6 f5 34. gxf6 Bf8 35. h7+ Kh8 36. Qg3 Qf7 37. Rg4 Nd7 38. Rxg6 Nxf6 39. Rxf6 Qg7 40. Rg6 1-0

[Event "Olomouc Chess Summer-IM 2022"]
[Site "Olomouc"]
[Date "2022.08.15"]
[Round "4.12"]
[White "Shubin, Daniel"]
[Black "Wiley, Tom E"]
[Result "1/2-1/2"]
[ECO "C15"]
[WhiteElo "2120"]
[BlackElo "2169"]
[Annotator "NA RC"]
[PlyCount "93"]
[EventDate "2022.08.10"]
[EventCountry "CZE"]
[SourceTitle "playchess.com"]
[Source "ChessBase"]
[SourceQuality "1"]
[TimeControl "40/5400+30:1800+30"]

1. e4 e6 2. d4 d5 3. Nc3 Bb4 4. exd5 exd5 5. Bd3 Nc6 6. Be3 Nge7 7. Qf3 Be6 8. Nge2 Qd7 9. O-O O-O-O 10. a3 Bxc3 11. bxc3 Na5 12. Rab1 Bf5 13. Nc1 f6 14. Nb3 Nxb3 15. Rxb3 Bxd3 16. cxd3 h5 17. Rfb1 b6 18. Qd1 Qg4 19. f3 Qg6 20. c4 Nf5 21. Bf2 Rhe8 22. c5 Ne3 23. Bxe3 Rxe3 24. cxb6 axb6 25. Rc3 Rde8 26. Qa4 Re1+ 27. Rxe1 Rxe1+ 28. Kf2 Re7 29. Qa8+ Kd7 30. Qxd5+ Ke8 31. Qg8+ Kd7 32. Qb8 Kd6 33. Qd8+ Rd7 34. Qf8+ Kd5 35. Qb4 Qg5 36. Rc2 Qh4+ 37. Ke3 Qxh2 38. Re2 Kc6 39. Qa4+ Kd6 40. Qb4+ Kc6 41. Qa4+ Kd6 42. Kf2 Qh4+ 43. Kg1 Qg5 44. Qb4+ Kc6 45. Qa4+ Kd6 46. Qb4+ Kc6 47. Qa4+ 1/2-1/2

[Event "Olomouc Chess Summer-IM 2022"]
[Site "Olomouc"]
[Date "2022.08.15"]
[Round "4.13"]
[White "Paseka, Matyas"]
[Black "Saypuri Srithan"]
[Result "1/2-1/2"]
[ECO "C42"]
[WhiteElo "2218"]
[BlackElo "1923"]
[Annotator "TA"]
[PlyCount "68"]
[EventDate "2022.08.10"]
[EventCountry "CZE"]
[SourceTitle "playchess.com"]
[Source "ChessBase"]
[SourceQuality "1"]
[TimeControl "40/5400+30:1800+30"]

1. e4 e5 2. Nf3 Nf6 3. Nxe5 d6 4. Nf3 Nxe4 5. Nc3 Nxc3 6. dxc3 Be7 7. Be3 Nc6 8. Qd2 Be6 {[%emt 0:00:04] 8...Bf5 is the fancy move.} 9. O-O-O {[%emt 0:01:15] C42: Petroff Defence: 3 Nxe5 and unusual White 3rd moves.} Qd7 (9... Bxa2 $2 10. b3 $18) 10. Kb1 a6 11. Nd4 {[%emt 0:05:46] White is slightly better.} Nxd4 12. Bxd4 Rg8 13. Bd3 {[%emt 0:03:31] [#]} g6 $146 ({Predecessor:} 13... c5 14. Be3 Rh8 15. Be4 Qa4 16. Bd5 Bxd5 17. Qxd5 Qd7 18. Bxc5 Rd8 19. Bb6 Rc8 {1-0 (38) Abou Wally,A (1624)-Fedgenhaeuer,P (1354) Kiel 2022}) 14. Rhe1 O-O-O 15. f3 Rge8 16. c4 Bf5 17. Re2 Bxd3 {[%emt 0:06:31] The position is equal.} 18. Qxd3 Bh4 19. g3 Rxe2 20. Qxe2 Re8 21. Qf2 Bd8 22. Re1 Qc6 23. Rxe8 Qxe8 24. Qe3 Qxe3 25. Bxe3 $11 {[%emt 0:00:04][%mdl 4096] Endgame KB-KB} Be7 26. c3 Kd7 27. Kc2 Ke6 28. Kd3 h5 29. h3 Kf5 30. g4+ hxg4 31. hxg4+ Ke5 32. f4+ Ke6 33. Ke4 f5+ 34. gxf5+ gxf5+ {[%emt 0:00:03] Weighted Error Value: White=0.06 (flawless) /Black=0.04 (flawless)} 1/2-1/2

[Event "Olomouc Chess Summer-IM 2022"]
[Site "Olomouc"]
[Date "2022.08.15"]
[Round "4.14"]
[White "Nemec, Jachym"]
[Black "Mannion, Stephen R"]
[Result "1/2-1/2"]
[ECO "D20"]
[WhiteElo "2357"]
[BlackElo "2232"]
[Annotator "TA"]
[PlyCount "47"]
[EventDate "2022.08.10"]
[EventCountry "CZE"]
[SourceTitle "playchess.com"]
[Source "ChessBase"]
[SourceQuality "1"]
[TimeControl "40/5400+30:1800+30"]

1. d4 d5 2. c4 dxc4 3. e4 b5 4. a4 c6 5. axb5 cxb5 6. Nc3 {[%emt 0:00:18] D20: Queen's Gambit Accepted: 3 e3 and 3 e4.} Qb6 $1 {[%emt 0:00:12][%mdl 4] [#] now scores much better than the old 6...a6.} (6... a6 $14) 7. b3 (7. Nd5 $1 $16 Qc6 8. Bf4) 7... e6 $1 $14 8. bxc4 {[%emt 0:01:36] aiming for c5. White is slightly better.} Bb4 9. Bd2 {[%emt 0:05:52] And now c5 would win.} bxc4 10. Bxc4 Ne7 11. Nge2 O-O 12. O-O (12. Na4 $5 Qa5 13. Bc3 $14) 12... a5 $1 13. d5 Ba6 14. Be3 Qd6 {[%emt 0:02:27] [#]} 15. Bxa6 $146 ({Predecessor:} 15. Qb3 Bxc4 16. Qxc4 Rc8 17. Qb3 exd5 18. Rfd1 Nd7 19. exd5 Nf5 20. Bd2 Qa6 21. Bf4 {½-½ (37) Tsolakidou,S (2379)-Song,E (2365) Charlotte 2021}) 15... Nxa6 16. Qb3 exd5 17. Nxd5 (17. Rfd1 {looks sharper.} Rfc8 18. Nxd5 Nc5 19. Qc4) 17... Nxd5 18. exd5 Rfd8 19. Rfd1 Nc5 20. Qc4 Qa6 21. Qg4 Qg6 22. Qc4 Qa6 23. Qg4 Qg6 24. Qc4 {Weighted Error Value: White=0.11 (very precise) /Black=0.05 (flawless)} 1/2-1/2

[Event "Olomouc Chess Summer-IM 2022"]
[Site "Olomouc"]
[Date "2022.08.15"]
[Round "4.15"]
[White "Mica, Marek"]
[Black "Biolek, Richard Jr."]
[Result "1-0"]
[ECO "D43"]
[WhiteElo "2304"]
[BlackElo "2437"]
[Annotator "TA"]
[PlyCount "53"]
[EventDate "2022.08.10"]
[EventCountry "CZE"]
[SourceTitle "playchess.com"]
[Source "ChessBase"]
[SourceQuality "1"]
[TimeControl "40/5400+30:1800+30"]

1. d4 d5 2. c4 c6 3. Nf3 Nf6 4. Nc3 e6 5. g3 dxc4 6. Bg2 b5 7. Ne5 Nd5 {[%emt 0:02:16] 7...a6 gains popularity.} 8. e4 {[%emt 0:01:36] E04: Open Catalan: 5 Nf3.} Nxc3 9. bxc3 Bb7 (9... Bd6 $11) 10. Qh5 $14 {[%emt 0:02:18][%csl Ge5][%cal Rh5f7][%mdl 1024] White has compensation. White is slightly better.} Qc7 11. Bf4 $1 {[%emt 0:03:26][%cal Oe5c4] aiming for Nxc4!} Qe7 (11... g6 $142 12. Qf3 Qe7) 12. Bg5 $40 {[%emt 0:05:40][%mdl 128] White has strong attack. White is much more active.} Qc7 {[%emt 0:00:21] [#]} 13. Bd8 $1 {[%emt 0:03:06][%mdl 64] Deflection, Decoy} Kxd8 (13... g6 $16 14. Bxc7 gxh5) 14. Nxf7+ $18 Kc8 15. Nxh8 g6 {[%emt 0:00:20] [#]} 16. Qf3 $146 ({Predecessor:} 16. Qe5 Qe7 17. Bh3 Kd7 18. Rd1 Bg7 19. Bxe6+ Ke8 20. Bf7+ Kf8 21. Nxg6+ hxg6 22. Qxe7+ Kxe7 23. Bxg6 {0-1 (41) Bashylina,L (2043)-Blagojevic,T (2260) Terme Catez 2022}) 16... Bg7 (16... Ba3 $142 17. Rb1 Qe7) 17. Nf7 c5 (17... Nd7 $142 18. e5 Bf8) 18. dxc5 {[%emt 0:00:58] Hoping for Nd6+.} Nd7 19. Nd6+ Kb8 20. Nxb7 Ne5 {[%emt 0:00:00] [#]} 21. Qe3 {[%emt 0:01:38] Strongly threatening Nd6.} Kxb7 22. O-O Rc8 $2 (22... Bf8 23. a4 Bxc5) 23. a4 Qxc5 24. Qxc5 ({Not} 24. axb5 Qxe3 25. fxe3 Bh6 $18) 24... Rxc5 25. axb5 Rxb5 26. Ra4 Rb3 (26... Bf8 $142 27. Bh3 Rb2 28. Bxe6 Bc5 29. Bxc4 Nxc4) 27. Rfa1 {[%emt 0:01:09] Black did not feel at home in the position after the opening.  Weighted Error Value: White=0.17 (very precise) /Black=0.54} 1-0

[Event "Olomouc Chess Summer-IM 2022"]
[Site "Olomouc"]
[Date "2022.08.16"]
[Round "5.6"]
[White "Kukelko, Alexey"]
[Black "Jurek, Josef"]
[Result "1/2-1/2"]
[ECO "C09"]
[WhiteElo "2260"]
[BlackElo "2212"]
[Annotator "NA RC"]
[PlyCount "61"]
[EventDate "2022.08.10"]
[EventCountry "CZE"]
[SourceTitle "playchess.com"]
[Source "ChessBase"]
[SourceQuality "1"]
[TimeControl "40/5400+30:1800+30"]

1. e4 e6 2. d4 d5 3. Nd2 c5 4. Ngf3 Nc6 5. exd5 exd5 6. Be2 Nf6 7. O-O Qc7 8. dxc5 Bxc5 9. Nb3 Bb6 10. Nfd4 Nxd4 11. Nxd4 O-O 12. Be3 a6 13. c3 Re8 14. Nc2 Bf5 15. Bxb6 Qxb6 16. Bd3 Be4 17. Rb1 Re5 18. Nd4 Rae8 19. Re1 Nd7 20. Bc2 Nf8 21. Qd2 Ne6 22. Nf3 Bxc2 23. Qxc2 Rxe1+ 24. Rxe1 Rd8 25. Rd1 g6 26. Qd2 a5 27. h4 h5 28. b3 Rc8 29. g3 Qc5 30. Qxd5 Qxd5 31. Rxd5 1/2-1/2

[Event "Olomouc Chess Summer-IM 2022"]
[Site "Olomouc"]
[Date "2022.08.16"]
[Round "5.7"]
[White "Jasny, Stanislav"]
[Black "Stinka, Jakub"]
[Result "1/2-1/2"]
[ECO "D53"]
[WhiteElo "2248"]
[BlackElo "2329"]
[Annotator "TA"]
[PlyCount "43"]
[EventDate "2022.08.10"]
[EventCountry "CZE"]
[SourceTitle "playchess.com"]
[Source "ChessBase"]
[SourceQuality "1"]
[TimeControl "40/5400+30:1800+30"]

1. d4 Nf6 2. c4 e6 3. Nc3 d5 4. Bg5 Be7 5. e3 Nbd7 6. Nf3 h6 7. Bh4 O-O 8. Qc2 c5 9. cxd5 Nxd5 10. Bxe7 Qxe7 11. Nxd5 exd5 12. dxc5 Nxc5 13. Be2 {[%emt 0:00:18] [#] An uneventful encounter. D61: Queen's Gambit Declined: Classical: 7 Qc2.} {Predecessor:} Bg4 $146 14. O-O Rac8 15. Rad1 Rfd8 16. h3 Ne6 17. Qa4 Bxf3 18. Bxf3 Qc5 19. b4 Qc4 20. Qxa7 d4 21. exd4 Nxd4 22. Bxb7 {1-0 (40) Carlsen,M (2847)-Karjakin,S (2757) chess24.com INT 2021} 1/2-1/2

[Event "Olomouc Chess Summer-IM 2022"]
[Site "Olomouc"]
[Date "2022.08.16"]
[Round "5.8"]
[White "Gimenez Menchon, Cesar"]
[Black "Poschadel, Andreas Gregor"]
[Result "0-1"]
[ECO "B15"]
[WhiteElo "2205"]
[BlackElo "2073"]
[Annotator "TA"]
[PlyCount "94"]
[EventDate "2022.08.10"]
[EventCountry "CZE"]
[SourceTitle "playchess.com"]
[Source "ChessBase"]
[SourceQuality "1"]
[TimeControl "40/5400+30:1800+30"]

1. e4 c6 2. d4 d5 3. Nd2 dxe4 4. Nxe4 Nf6 5. Nxf6+ exf6 6. c3 Bd6 7. Bd3 Na6 {[%emt 0:00:22] B15: Caro-Kann: 3 Nc3: 3...g6 and 3...dxe4 4 Nxe4 Nf6 5 Nxf6+ exf6.} 8. Ne2 Nc7 9. O-O Kf8 {[%emt 0:05:37] The position is equal.} 10. Bf4 {[%emt 0:08:30] [#]} Nd5 $146 ({Predecessor:} 10... h5 11. Bxd6+ Qxd6 12. Ng3 g6 13. Ne4 Qd8 14. Re1 Kg7 15. Qc2 h4 16. h3 Nd5 {0-1 (39) Kvak,R (1991)-Samunenkov,I (2301) Kiev 2021}) 11. Bxd6+ Qxd6 12. Qd2 h5 13. c4 Nc7 14. Rad1 g6 15. Rfe1 Kg7 16. c5 Qd8 17. Nf4 g5 18. Ne2 h4 19. Bc2 (19. h3 $1 $14) 19... h3 $1 $15 20. Ng3 Nd5 21. Ne4 $2 (21. Bf5 $17) 21... hxg2 $19 22. Nd6 Bg4 23. Be4 (23. Bf5 {was called for.} Bxd1 24. Qxd1) 23... Nf4 $1 {[%emt 0:07:00][%cal Oh8h2] Hoping for ...Rxh2! Really sharp!} (23... Bxd1 24. Bxd5 cxd5 25. Qxd1 $15) 24. Bxg2 $2 (24. f3 Be6 25. Nxb7) 24... Qd7 $2 (24... Bxd1 25. Qxd1 Kf8 26. Qb3 $17) (24... Nxg2 $19 25. Qb4 Nxe1 26. Rxe1 Qd7) 25. Re3 $2 (25. f3 $17 {keeps fighting.} Be6 26. Bf1) 25... Rh4 26. Rde1 {[%emt 0:04:15] Re7 is the strong threat.} Be6 27. Rg3 Rah8 (27... Bxa2 28. b3 $18) 28. Re4 Kf8 29. a4 $2 (29. Bf3) 29... Rxh2 $2 (29... f5 $19 {is more deadly.} 30. Rxe6 Qxe6) 30. Rxf4 $17 gxf4 31. Qxf4 R2h6 $1 32. b4 Ke7 ({Black should try} 32... f5 $17 {Threatens to win with ...f6.} 33. Kf1 f6) 33. b5 $2 {[%emt 0:01:14] [#]} (33. Re3 $11 {and White is okay.} Kf8 34. Kf1) 33... Rh4 $1 $19 34. Qe3 {[%emt 0:00:19] Strongly threatening d5.} Kf8 35. Qc3 (35. bxc6 $17 {was worth a try.} bxc6 36. Qc3) 35... Bd5 36. Bxd5 cxd5 37. c6 Qxd6 38. c7 Rh1+ 39. Kg2 R8h2+ 40. Kf3 {[%emt 0:00:04] [#]} Rxf2+ $3 41. Kxf2 {[%emt 0:30:21][%mdl 4096] Endgame KQR-KQR} Qf4+ 42. Ke2 $2 (42. Rf3 Qh2+ 43. Ke3 Qg1+ 44. Kd3 Qd1+ 45. Ke3 {[#]} Qxf3+ $3 46. Kxf3 Rh3+ 47. Kf2 Rxc3 $19) (42. Qf3 $19 Qxd4+ 43. Qe3 Rh2+ 44. Kf1 (44. Kg1 $2 Qxe3+ 45. Rxe3 Rc2 $19) 44... Qc4+ 45. Kg1) 42... Qe4+ {[%emt 0:20:16] Black mates.} 43. Qe3 Qc2+ 44. Kf3 Rf1+ 45. Kg4 Qf5+ ({Avoid the trap} 45... Qxc7 $2 46. Rf3 Rh1 47. Qa3+ Kg7 48. Rg3 $19) 46. Kh4 Rh1+ 47. Rh3 Rxh3+ {[%emt 0:00:02] What a bad dream for White.  Weighted Error Value: White=0.65/Black=0.32} 0-1

[Event "Olomouc Chess Summer-IM 2022"]
[Site "Olomouc"]
[Date "2022.08.16"]
[Round "5.9"]
[White "Nytra, Ondrej"]
[Black "Lalic, Bogdan"]
[Result "1/2-1/2"]
[ECO "B58"]
[WhiteElo "2202"]
[BlackElo "2415"]
[Annotator "ChessBase"]
[PlyCount "46"]
[EventDate "2022.08.10"]
[EventCountry "CZE"]
[SourceTitle "playchess.com"]
[Source "ChessBase"]
[SourceQuality "1"]
[TimeControl "40/5400+30:1800+30"]

1. e4 c5 2. Nf3 d6 3. d4 cxd4 4. Nxd4 Nf6 5. Nc3 Nc6 6. Be2 e5 7. Nf3 h6 8. O-O Be7 9. Re1 O-O 10. b3 a6 11. Bb2 b5 12. Qd2 Bg4 13. h3 Bxf3 14. Bxf3 Nd4 15. Bd1 Rc8 16. a4 Qc7 17. axb5 axb5 18. Re3 Qb7 19. Qd3 Rfd8 20. Nd5 Nxd5 21. exd5 b4 22. Bxd4 exd4 23. Rf3 Qxd5 1/2-1/2

[Event "Olomouc Chess Summer-IM 2022"]
[Site "Olomouc"]
[Date "2022.08.16"]
[Round "5.10"]
[White "Kusa, Jakub"]
[Black "Nagy, Ladislav"]
[Result "1-0"]
[ECO "E04"]
[WhiteElo "2373"]
[BlackElo "2194"]
[Annotator "TA"]
[PlyCount "100"]
[EventDate "2022.08.10"]
[EventCountry "CZE"]
[SourceTitle "playchess.com"]
[Source "ChessBase"]
[SourceQuality "1"]
[TimeControl "40/5400+30:1800+30"]

1. d4 Nf6 2. c4 e6 3. Nf3 d5 4. g3 dxc4 5. Bg2 Nc6 6. Qa4 Bb4+ 7. Bd2 Nd5 8. Bxb4 {[%emt 0:00:36] E04: Open Catalan: 5 Nf3.} Ndxb4 9. Nc3 Bd7 {[%emt 0:01:39][%cal Oc6d4] [#] White must now prevent ...Nxd4!} 10. O-O {[%emt 0:01:39] White is slightly better.} a5 11. Qd1 O-O 12. e3 a4 13. Nxa4 Nxd4 14. Qxd4 Bxa4 15. Qxc4 Qe7 16. Rac1 {[%emt 0:01:34] [#]} c6 $146 ({Predecessor:} 16... Rfc8 17. Nd4 c5 18. a3 Nd5 19. Nf5 Qd7 20. Bxd5 exf5 21. Rfe1 b5 22. Qd3 c4 {½-½ (30) Simacek,P (2474)-Kriebel,T (2464) Legnica 2016}) 17. Nd4 {[%emt 0:01:58] Against Bb5} Ra5 18. a3 Nd5 19. Bxd5 exd5 {[%emt 0:08:33] White stays focused until the end.} (19... cxd5 $14 20. Qb4 Qxb4 21. axb4 Raa8) 20. Qb4 $16 Qxb4 21. axb4 Ra6 22. b3 {[%emt 0:00:34] White is more active.} Bb5 23. Nxb5 cxb5 {[%emt 0:00:01][%mdl 4096] Endgame KRR-KRR} 24. Rc7 Rb6 (24... d4 $16 {was worth a try.}) 25. Rd1 $18 g6 26. Rxd5 Ra8 27. Rd4 Rf6 28. Rxb7 Ra2 29. Rf4 (29. Rxb5 Rfxf2 30. h4 Rg2+ 31. Kf1 Raf2+ 32. Ke1 Ra2 $15) 29... Rxf4 (29... Kg7 {was called for.} 30. Rxf6 (30. Rxb5 Rxf4 31. gxf4 Ra3 $18) 30... Kxf6 31. Rxb5 Rb2) 30. gxf4 {[%emt 0:00:57] KR-KR} ({Not} 30. exf4 Rb2 31. Rxb5 Kg7 $18) 30... Rb2 31. Rxb5 Rxb3 32. Kg2 Kg7 33. Rb8 Kf6 34. Kf3 Ke6 35. b5 Kd6 36. Rb7 Ke6 37. Rb8 $2 ({White should play} 37. b6 $18) 37... h5 $2 (37... Kd6 $11) 38. b6 Rb4 39. e4 Rb3+ 40. Ke2 {[%emt 0:01:21] Strongly threatening b7.} Rb2+ $2 (40... Kd6 41. e5+ Kd5) 41. Ke3 Ke7 42. h4 {[%emt 0:00:00] And now b7 would win.} Kf6 $2 (42... Kd6 43. b7 Kc6 44. Rc8+ Kxb7) 43. f3 Ke7 44. Kd4 Kd6 45. b7 {[%emt 0:00:00] Hoping for Rd8+.} Ke7 {[%emt 0:01:37] Inhibits Rd8.} 46. e5 Rd2+ 47. Kc3 {[%emt 0:00:00] White mates.} Rd7 {[%emt 0:00:31] [#]} 48. Re8+ $3 Kxe8 49. b8=Q+ Rd8 50. Qb6 Ke7 {[%emt 0:01:16] Weighted Error Value: White=0.19 (very precise) /Black=0.46} 1-0

[Event "Olomouc Chess Summer-IM 2022"]
[Site "Olomouc"]
[Date "2022.08.16"]
[Round "5.11"]
[White "Saypuri Srithan"]
[Black "Obsivac, Josef"]
[Result "1-0"]
[ECO "B31"]
[WhiteElo "1923"]
[BlackElo "2272"]
[Annotator "TA"]
[PlyCount "115"]
[EventDate "2022.08.10"]
[EventCountry "CZE"]
[SourceTitle "playchess.com"]
[Source "ChessBase"]
[SourceQuality "1"]
[TimeControl "40/5400+30:1800+30"]

1. e4 c5 2. Nf3 Nc6 3. Bb5 g6 4. O-O Bg7 5. c3 Nf6 6. Re1 O-O 7. h3 Qb6 8. a4 $1 {[%emt 0:00:26][%mdl 4] is now more promising than 8.Ba4. B31: Sicilian: 2...Nc6 3 Bb5 g6.} a6 9. Bxc6 Qxc6 10. d4 {[%emt 0:02:41] The position is equal.} d5 {[%emt 0:08:17] [#]} 11. e5 $146 ({Predecessor:} 11. exd5 Nxd5 12. c4 Nb4 13. d5 Qc7 14. Nc3 Bf5 15. Nh4 Bd3 16. Bg5 Rfe8 17. Qd2 Bxc4 {½-½ (34) Muzychuk,A (2531)-Buksa,N (2401) Warsaw 2021}) 11... Ne4 12. Nbd2 Nxd2 13. Nxd2 c4 14. a5 Bf5 15. b3 Bd3 16. bxc4 Bxc4 (16... dxc4 $14 17. Ba3 Rfe8) 17. Ba3 Rfe8 18. Nxc4 Qxc4 19. Bc5 Bh6 {[%emt 0:14:22] Prevents Qd2.} (19... Qxc3 20. Re3 Qc4 21. Rb3 $16) (19... e6 $1 $14) 20. Qc2 Qb5 21. Reb1 Qd7 22. Rb6 {[%emt 0:00:07] White is more active.} Rac8 23. Rab1 Rc7 24. Qb3 Rc6 $2 (24... Bd2 25. Qb2 (25. Rxb7 Rxb7 26. Qxb7 Qxb7 $16) 25... Bf4) 25. Rxb7 $18 Qe6 26. Rb8 Rxb8 27. Qxb8+ Kg7 28. Qb7 Qf5 (28... Bf4 $142 29. Rb2 (29. Bxe7 Rxc3 30. Bf8+ Kg8 $18) (29. Rb6 Rxb6 30. Qxb6 Bg5 $18) 29... Rxc5 30. dxc5 Qxe5) 29. Bxe7 Rxc3 30. Bf6+ Kg8 31. g4 $2 (31. Rd1 $18) 31... Qxb1+ {[%emt 0:01:48][%mdl 64] Remove Defender} 32. Qxb1 {[%emt 0:00:03] Intending Qb8+ and mate.} Rc1+ {[%emt 0:00:07] [#]} 33. Qxc1 $1 Bxc1 $11 {[%emt 0:00:06][%mdl 4096] Endgame KB-KB} 34. Bd8 Kf8 35. h4 Ke8 36. Bb6 Kd7 37. Kg2 h5 38. Kg3 Ke6 39. Kf3 Bd2 40. Ke2 Bc1 41. f3 Bb2 42. Kd2 {[%emt 0:04:30] [#] aiming for Kc2.} Kd7 $2 (42... Ba3 $11) 43. Bc5 $2 ({White should play} 43. Kc2 $18) 43... Ke6 44. Kc2 Ba1 45. Bb6 Kd7 $2 (45... f6 $11) 46. Kb3 $18 Ke6 47. Ba7 $2 (47. Kb4 $18 Kd7 48. gxh5 gxh5 49. Kc5) 47... Kd7 $2 (47... f6 $14) 48. Kb4 $2 (48. gxh5 $18 {Threatening mate with h6.} gxh5 49. Bb6) 48... Ke6 $2 (48... Bb2 $14) 49. Kb3 Kd7 $1 50. Bc5 {[%emt 0:00:00] White is clearly winning.} Ke6 51. Bb6 {[%emt 0:00:00] Kb4 is the strong threat.} Kd7 52. Kb4 Ke6 (52... Kc6 $142 53. Kb3 Kd7 54. gxh5 gxh5) 53. Kc5 {[%emt 0:00:30] Strongly threatening gxh5.} Bc3 54. gxh5 gxh5 55. Kc6 {[%emt 0:01:09] And now Kb7 would win.} Be1 56. Kb7 Bxh4 57. Kxa6 Be1 58. Kb7 {[%emt 0:00:04] Weighted Error Value: White=0.79/Black=0.28 (precise)} 1-0

[Event "Olomouc Chess Summer-IM 2022"]
[Site "Olomouc"]
[Date "2022.08.16"]
[Round "5.12"]
[White "Mannion, Stephen R"]
[Black "Paseka, Matyas"]
[Result "1-0"]
[ECO "B90"]
[WhiteElo "2232"]
[BlackElo "2218"]
[Annotator "NA"]
[PlyCount "59"]
[EventDate "2022.08.10"]
[EventCountry "CZE"]
[SourceTitle "playchess.com"]
[Source "ChessBase"]
[SourceQuality "1"]
[TimeControl "40/5400+30:1800+30"]

1. e4 c5 2. Nf3 d6 3. d4 cxd4 4. Nxd4 Nf6 5. Nc3 a6 6. f3 e5 7. Nb3 Be6 8. Be3 h5 9. Nd5 Bxd5 10. exd5 Nbd7 11. Qd2 g6 12. O-O-O Rc8 13. Kb1 b5 14. Na5 Qc7 15. c4 Nb6 16. cxb5 Nbxd5 17. bxa6 Nxe3 18. Bb5+ Nd7 19. Rc1 Nc2 20. Rxc2 Qxc2+ 21. Qxc2 Rxc2 22. Kxc2 Ke7 23. Nc4 Bg7 24. Bc6 Nb8 25. Bb7 Nxa6 26. Bxa6 Ra8 27. Bb7 Rxa2 28. Rd1 Ra7 29. Nxd6 Ke6 30. Ne4 1-0